 Dungeon Crawl Stone Soup version 0.30.0-10-gfe55d96785 (webtiles) character file.

Game seed: 5410996548806229087

20 Mahakala the Sneak (level 3, -5/19 HPs)
             Began as a Kobold Enchanter on May 14, 2023.
             Slain by Sigmund
             ... wielding a +0 scythe
              (9 damage)
             ... on level 2 of the Dungeon.
             The game lasted 00:03:08 (820 turns).

Mahakala the Sneak (Kobold Enchanter)                Turns: 820, Time: 00:03:09

Health: -5/19      AC:  3    Str:  5    XL:     3   Next: 0%
Magic:  6/6        EV: 14    Int: 16    God:
Gold:   56         SH:  0    Dex: 17    Spells: 4/6 levels left

rFire   . . .        a - +1 dagger
rCold   . . .        (no shield)
rNeg    . . .        g - +0 leather armour
rPois   .            (no helmet)
rElec   .            (no cloak)
rCorr   .            (no gloves)
SInv    .            (no boots)
Will    .....        (no amulet)
Stlth   ++++         (no ring)
HPRegen 0.23/turn    (no ring)
MPRegen 0.10/turn

%: no passive effects
@: no status effects
A: small, no large weapons, nightstalker 3
a: no special abilities


You were on level 2 of the Dungeon.
You visited 1 branch of the dungeon, and saw 2 of its levels.

You collected 56 gold pieces.

Inventory:

Hand Weapons
 a - a +1 dagger (weapon)
Missiles
 f - 3 stones (quivered)
Armour
 g - a +0 leather armour (worn)
Scrolls
 b - a scroll of identify {unknown}
 d - 2 scrolls of vulnerability {unknown}
Potions
 c - 2 potions of invisibility
 e - a potion of degeneration {unknown}
 h - a potion of lignification {unknown}
 i - 2 potions of curing {unknown}


   Skills:
 * Level 2.7 Short Blades
 - Level 2.4 Dodging
 - Level 4.0 Stealth
 - Level 2.1 Spellcasting
 * Level 3.5 Hexes


You had 4 spell levels left.
You knew the following spells:

 Your Spells              Type           Power      Damage    Failure   Level
a - Ensorcelled Hibernat  Hex/Ice        14%        N/A       26%         2

Your spell library contained the following spells:

 Spells                   Type           Power      Damage    Failure   Level
 Confusing Touch          Hex            12%        N/A       24%         3
 Tukima's Dance           Hex            12%        N/A       24%         3
 Dazzling Flash           Conj/Hex       14%        N/A       45%         3


Dungeon Overview and Level Annotations

Branches:
Dungeon (2/15)

Altars:

Annotations:
D:2 Sigmund


Innate Abilities, Weirdness & Mutations

You are small and have problems with some larger weapons.
You are completely attuned to the shadows.


Message History

You see here a +0 club.
i - a red potion A dart slug comes into view.
The helpless dart slug fails to defend itself.
You impale the dart slug!!
You kill the dart slug!
You have reached level 3!
Your experience leads to an increase in your attributes!
Increase (S)trength, (I)ntelligence, or (D)exterity?
You feel agile. x2
i - 2 red potions (gained 1)
You see here a dart slug corpse.
Done exploring.
You see here a +0 hand axe.
Things that are here:
a +0 dagger; a kobold skeleton
There is a stone staircase leading down here.
You climb downwards.
There is a stone staircase leading up here.
Sigmund and a goblin come into view.
There is a stone staircase leading up here.
Sigmund gestures at you while chanting.
You are confused.
In your confused state, you trip and fall back down the stairs.
Sigmund casts a spell.
Sigmund flickers and vanishes!
Deactivating autopickup; reactivate with Ctrl-A.
You hear a shout!
You hear some strange, mumbled words.
A puff of flame appears from out of thin air!
The puff of flame misses you.
In your confused state, you trip and fall back down the stairs.
Something hits you.
In your confused state, you trip and fall back down the stairs.
You feel less confused. Something hits you!
* * * LOW HITPOINT WARNING * * *
Unknown command.
Something hits you!
You die...

..g#
....
##...
##..#
##...#
#..#.#
#{##@#
#.# .#
#@# .#
###


There were no monsters in sight!

Vanquished Creatures
  A dart slug (D:1)
  A ball python (D:1)
  4 bats (D:1)
  An endoplasm (D:1)
  2 giant cockroaches (D:1)
  2 hobgoblins (D:1)
  A quokka (D:1)
  A frilled lizard (D:1)
  2 kobolds (D:1)
  2 rats (D:1)
17 creatures vanquished.

Notes
Turn   | Place    | Note
-------+----------+-------------------------------------------
     0 | D:1      | Mahakala the Kobold Enchanter began the quest for the Orb.
     0 | D:1      | Reached XP level 1. HP: 10/10 MP: 3/3
   198 | D:1      | Reached XP level 2. HP: 15/15 MP: 5/5
   201 | D:1      | Learned a level 2 spell: Ensorcelled Hibernation
   678 | D:1      | Reached XP level 3. HP: 19/19 MP: 6/6
   809 | D:2      | Noticed Sigmund
   820 | D:2      | Slain by Sigmund

Illustrated notes

Levels and vault maps discovered:
D:1:      amcnicky_arrival_gap_in_the_tavern_cellar, layout_basic
D:2:      layout_rooms, hellmonk_ecumenical_altar_heavens_door, st_stairs_4,
          uniq_sigmund

Skill      XL: |  1 |
---------------+----+-----
Short Blades   | 2 |  2.7
Dodging        | |  2.4
Stealth        | |  4.0
Spellcasting   | |  2.1
Hexes          | |  3.5

Action                     || total
---------------------------++-------
  Melee: Dagger            ||    36
         Punch             ||     1
   Stab: Sleeping          ||    11
 Armour: Robe              ||     1
         Leather armour    ||     6
  Dodge: Dodged            ||    24
